 Dungeon Crawl Stone Soup version 0.30-a0-1157-g2cc9ac7196 (webtiles) character file.

Game seed: 16260730300814575351

53692 Orangeyouglad the Carver (level 15, -15/120 HPs)
             Began as a Human Monk on Apr 24, 2023.
             Was the Champion of Zin.
             Demolished by a skeletal warrior
             ... wielding a +0 flail
              (24 damage)
             ... on level 13 of the Dungeon.
             The game lasted 01:39:23 (25427 turns).

Orangeyouglad the Carver (Human Monk)              Turns: 25427, Time: 01:39:24

Health: -15/120    AC: 14    Str: 16    XL:     15   Next: 11%
Magic:  15/23      EV: 19    Int: 26    God:    Zin [******]
Gold:   368        SH:  0    Dex: 21    Spells: 10/22 levels left

rFire   . . .        b - +2 long sword (holy)
rCold   . . .        d - orb {light}
rNeg    + . .        l - +0 troll leather armour
rPois   ∞            u - +1 hat
rElec   .            (no cloak)
rCorr   .            i - +0 pair of gloves
SInv    .            q - +2 pair of boots
Will    ++++.        Q - amulet of the Four Winds {rN+ Will+++ Clar}
Stlth   +            p - +4 ring of protection
HPRegen 1.20/turn    X - +6 ring of intelligence
MPRegen 0.18/turn

%: clarity
@: vitalised, glowing
A: no striking features
a: Renounce Religion, Recite, Vitalisation, Imprison, Sanctuary, Donate Gold


You were on level 13 of the Dungeon.
You worshipped Zin.
Zin was exalted by your worship.
You visited 3 branches of the dungeon, and saw 20 of its levels.
You also visited: Ossuary and Bailey.

You collected 1459 gold pieces.
You spent 828 gold pieces at shops.
You donated 263 gold pieces to Zin.

Inventory:

Hand Weapons
 a - a +0 sling of flaming
 b - a +2 long sword of holy wrath (weapon)
 c - a +4 long sword
Missiles
 g - 6 javelins
 h - a throwing net
 v - 2 boomerangs
 w - 28 poisoned darts (quivered)
 A - 6 silver javelins
Armour
 d - an orb of light (worn)
 i - a +0 pair of gloves (worn)
 l - a +0 troll leather armour (worn)
 q - a +2 pair of boots (worn)
 u - a +1 hat (worn)
Jewellery
 n - a ring of see invisible
 o - a ring of protection from fire
 p - a +4 ring of protection (left hand)
 G - a ring of positive energy
 J - a ring of ice
 P - a ring of resist corrosion
 Q - the amulet of the Four Winds (around neck) {rN+ Will+++ Clar}
   (You bought it in a shop on level 2 of the Dungeon)

   [amulet of nothing]

   rN:        It protects you from negative energy.
   Clar:      It protects you from confusion, rage, mesmerisation and fear.
   Will:      It greatly increases your willpower.
 V - a ring of ice
 X - a +6 ring of intelligence (right hand)
Wands
 y - a wand of charming (12)
 D - a wand of roots (9)
 M - a wand of flame (13)
 T - a wand of digging (5)
 W - a wand of quicksilver (1)
Scrolls
 j - 6 scrolls of vulnerability
 m - 4 scrolls of immolation
 s - 3 scrolls of blinking
 t - 3 scrolls of poison
 x - 5 scrolls of fear
 B - 2 scrolls of noise {unknown}
 E - 6 scrolls of teleportation
 K - 3 scrolls of enchant armour
 L - a scroll of summoning {unknown}
 O - 2 scrolls of magic mapping
 R - 4 scrolls of enchant weapon
 S - a scroll of amnesia
 U - a scroll of silence {unknown}
Potions
 f - 8 potions of flight
 k - 9 potions of curing
 r - a potion of attraction
 z - 2 potions of cancellation
 C - 2 potions of magic
 F - a potion of invisibility {unknown}
 H - 2 potions of heal wounds
 I - 2 potions of ambrosia
 N - 3 potions of brilliance {unknown}
Miscellaneous
 e - a phantom mirror (inert)


   Skills:
 + Level 12.0 Fighting
 + Level 12.0 Long Blades
 + Level 6.4 Armour
 - Level 10.2 Dodging
 - Level 4.0 Spellcasting
 + Level 1.3 Hexes
 - Level 2.0 Summonings
 - Level 4.0 Transmutations
 - Level 4.0 Fire Magic
 - Level 10.0 Poison Magic
 + Level 10.6 Invocations


You had 10 spell levels left.
You knew the following spells:

 Your Spells              Type           Power      Damage    Failure   Level
a - Sting                 Tmut/Pois      100%       1d8       1%          1
b - Olgreb's Toxic Radia  Pois           55%        N/A       1%          4
c - Ignite Poison         Fire/Tmut/Pois 36%        N/A       2%          3
d - Leda's Liquefaction   Hex/Erth       4%         N/A       61%         4

Your spell library contained the following spells:

 Spells                   Type           Power      Damage    Failure   Level
 Poisonous Vapours        Pois/Air       62%        N/A       1%          2
 Wereblood                Tmut           26%        N/A       3%          2
 Summon Small Mammal      Summ           60%        N/A       4%          1
 Cigotuvi's Dreadful Rot  Necr/Pois/Air  44%        N/A       4%          2
 Apportation              Tloc           10%        N/A       10%         1
 Freeze                   Ice            20%        1d4       10%         1
 Necrotise                Necr           20%        1d5       10%         1
 Call Canine Familiar     Summ           15%        N/A       13%         3
 Sublimation of Blood     Necr           5%         N/A       16%         2
 Portal Projectile        Hex/Tloc       16%        N/A       24%         3
 Frozen Ramparts          Ice            10%        1d2       30%         3
 Gell's Gravitas          Tloc           5%         N/A       30%         3
 Hailstorm                Conj/Ice       5%         3d4       30%         3
 Teleport Other           Tloc           5%         N/A       30%         3
 Cause Fear               Hex            6%         N/A       52%         4
 Summon Lightning Spire   Summ/Air       10%        N/A       54%         4
 Eringya's Noxious Bog    Tmut/Pois      20%        N/A       65%         6
 Summon Forest            Summ/Tloc      5%         N/A       88%         5
 Freezing Cloud           Conj/Ice/Air   2%         6-21      95%         5
 Iskenderun's Battlesphe  Conj           5%         2d6       95%         5
 Dispersal                Tloc           2%         N/A       100%        6
 Iron Shot                Conj/Erth      2%         9d2       100%        6
 Dragon Form              Tmut           13%        N/A       100%        7
 Spellforged Servitor     Conj/Summ      5%         N/A       100%        7
 Storm Form               Tmut/Air       7%         N/A       100%        7
 Summon Hydra             Summ           7%         N/A       100%        7
 Maxwell's Capacitive Co  Air            2%         ∞         100%        8
 Dragon's Call            Summ           7%         N/A       100%        9


Dungeon Overview and Level Annotations

Branches:
Dungeon (14/15)            Temple (1/1) D:6            Lair (5/5) D:11
  Swamp (0/4) Lair:2        Snake (0/4) Lair:3        Slime (0/5) Lair:4
    Orc (0/2) D:10        Ossuary (visited)          Bailey (visited)
 Vaults: D:13-14

Altars:
Ashenzari
Cheibriados
Dithmenos
Elyvilon
Fedhas
Gozag
Hepliaklqana
Kikubaaqudgha
Makhleb
Nemelex Xobeh
Okawaru
Qazlal
Ru
Sif Muna
Trog
Uskayaw
Vehumet
Wu Jian
Xom
Yredelemnul
Zin
The Shining One
Jiyva

Shops:
D:2 =   D:3 (   D:5 :   D:6 ?   D:8 (

Annotations:
D:9 2 transporters
Lair:5 2 transporters, exclusion: obsidian statue, TheSexyCheese's ghost, journeyman OgFE


Message History

You hit the skeletal warrior but do no damage.
The skeletal warrior is heavily damaged.
You are ready to recite again.
The skeletal warrior hits you with a +0 flail!
You hit the skeletal warrior.
The skeletal warrior convulses!
The skeletal warrior is heavily damaged.
The skeletal warrior hits you with a +0 flail!
* * * LOW HITPOINT WARNING * * *
Okay, then.
Zin grants you divine stamina.
The skeletal warrior hits you with a +0 flail.
* * * LOW HITPOINT WARNING * * *
You hit the skeletal warrior.
The skeletal warrior convulses.
The skeletal warrior is severely damaged.
You hit the skeletal warrior but do no damage.
The skeletal warrior is severely damaged.
The skeletal warrior hits you but does no damage.
You hit the skeletal warrior but do no damage.
The skeletal warrior is severely damaged.
The skeletal warrior barely misses you.
You barely miss the skeletal warrior.
The skeletal warrior is severely damaged.
The skeletal warrior hits you with a +0 flail!!
* * * LOW HITPOINT WARNING * * *
You feel much better.
The skeletal warrior hits you with a +0 flail!!
* * * LOW HITPOINT WARNING * * *
Okay, then.
Aiming: Quicksilver Bolt
Press: ? - help, Shift-Dir - straight line The bolt of dispelling energy hits the skeletal warrior!
The skeletal warrior is almost destroyed.
You hear a shout!
The skeletal warrior barely misses you.
Aiming: Quicksilver Bolt
Press: ? - help, Shift-Dir - straight line The bolt of dispelling energy hits the skeletal warrior.
The skeletal warrior is almost destroyed.
The skeletal warrior hits you with a +0 flail!!
You die...

#.. #...# #.#.#
#.#.# #.#.# #...#
######...+
#....cz..#
#)###.#@####
#>....#....#
#.)...#....'......
#.###.#....#......
....
..#....#......
#... ..#....#
..... .
..######....#
..... ##.. ..
#....# .... ....
... #....# ##..


You could see a skeletal warrior (corona) and a centaur warrior.

Vanquished Creatures
  Rupert (Lair:5)
  Frances (D:13)
  Kirke (Lair:4)
  Azrael (D:12)
  A dire elephant (Lair:5)
  3 boulder beetles
  7 two-headed ogres
  2 death yaks (Lair:5)
  Urug (Lair:4)
  A skyshark (Lair:5)
  2 spectral death yaks (Lair:5)
  2 skeletal warriors (D:13)
  A spectral anaconda (Lair:5)
  The ghost of artmatt the Cleaver, a novice HOMo of Beogh (D:7)
  4 necromancers (Lair:5)
  3 manticores
  An ugly thing (D:13)
  2 cyclopes
  10 elephants (Lair:5)
  2 slime creatures (D:13)
  A dire elephant zombie (Lair:5)
  A gargoyle (D:13)
  The ghost of lotum the Zephyrmancer, a novice TeAE (D:5)
  6 black mambas
  11 cane toads
  2 unseen horrors
  4 rime drakes
  7 komodo dragons
  3 trolls
  22 blink frogs
  A spectral elephant (Lair:5)
  A vampire (D:10)
  5 shadows
  26 yaks
  4 wyverns
  2 wraiths
  6 basilisks
  4 fire elementals
  4 hogs
  2 steam dragons
  2 vampire mosquitoes (D:12)
  A naga (Lair:3)
  3 acid dragons
  9 water moccasins
  A hell hound (D:11)
  2 ice beasts
  A black bear (shapeshifter) (D:13)
  14 orc warriors
  4 black bears
  An ogre (D:4)
  3 centaurs
  6 wolves (Lair:5)
  A kobold brigand (D:8)
  15 bullfrogs
  An elf zombie (D:8)
  2 gnoll sergeants
  A cane toad simulacrum (Lair:5)
  2 water moccasin zombies (Ossuary)
  2 elf skeletons (D:8)
  3 scorpions
  4 wights (D:8)
  3 elephant simulacra (Lair:5)
  10 killer bees
  5 howler monkeys
  A human zombie (D:8)
  6 jellies
  4 orc priests
  3 hounds
  A human skeleton (D:8)
  A sleepcap (D:5)
  4 hell rats (Lair:2)
  4 iguanas
  12 orc wizards
  2 mummies (Ossuary)
  20 gnolls
  7 adders
  3 shadow imps
  A white imp (D:7)
  2 ufetubi
  6 adder zombies (Ossuary)
  A worm (D:3)
  2 dart slugs
  43 orcs
  10 bats
  10 endoplasms
  3 giant cockroaches
  5 gnoll zombies (Ossuary)
  7 goblins
  6 hobgoblins
  8 jackals
  12 kobolds
  4 quokkas
  9 ball pythons
  4 frilled lizards
  6 hobgoblin zombies (Ossuary)
  4 kobold zombies (Ossuary)
  An orc skeleton (D:8)
  3 orc zombies (Ossuary)
  5 rats
  A pillar of salt (Lair:5)
477 creatures vanquished.

Vanquished Creatures (collateral kills)
  A fire elemental (D:12)
1 creature vanquished.

Vanquished Creatures (others)
  2 hell hounds (D:12)
  33 fungi
  21 plants
  17 withered plants (Lair:5)
73 creatures vanquished.

Grand Total: 551 creatures vanquished

Notes
Turn   | Place    | Note
-------+----------+-------------------------------------------
     0 | D:1      | Orangeyouglad the Human Monk began the quest for the Orb.
     0 | D:1      | Reached XP level 1. HP: 18/18 MP: 1/1
   122 | D:1      | Reached XP level 2. HP: 23/24 MP: 2/2
   615 | D:1      | Reached XP level 3. HP: 26/29 MP: 3/3
   617 | D:1      | Learned a level 1 spell: Sting
  1480 | D:2      | Reached XP level 4. HP: 33/35 MP: 1/4
  1598 | D:2      | Reached skill level 1 in Poison Magic
  1758 | D:2      | Found a faded altar of an unknown god.
  1868 | D:2      | Found Sexzuv's Jewellery Shoppe.
  2296 | D:3      | Reached XP level 5. HP: 41/42 MP: 5/5
  2579 | D:3      | Found Opruvokk's Weapon Shoppe.
  2911 | D:3      | Learned a level 4 spell: Olgreb's Toxic Radiance
  2957 | D:4      | Reached skill level 1 in Spellcasting
  3072 | D:4      | Noticed an ogre
  3407 | D:4      | Killed an ogre
  3408 | D:4      | Reached XP level 6. HP: 41/48 MP: 6/8
  3745 | D:4      | Found a snail-covered altar of Cheibriados.
  3745 | D:4      | Found a shadowy altar of Dithmenos.
  3747 | D:4      | Found a hazy altar of Hepliaklqana.
  3750 | D:4      | Found a sparkling altar of Nemelex Xobeh.
  3901 | D:5      | Entered Level 5 of the Dungeon
  4057 | D:5      | Found Laluqofu's Vocational Training.
  4131 | D:5      | Reached XP level 7. HP: 48/55 MP: 9/9
  4284 | D:5      | HP: 1/55 [sleepcap (19)]
  4549 | D:5      | Noticed lotum's ghost (novice TeAE)
  4550 | D:5      | Found a runed translucent gate.
  4550 | D:5      | Noticed a two-headed ogre
  4555 | D:5      | Found a runed translucent gate.
  4555 | D:5      | Found a runed translucent gate.
  4999 | D:5      | Learned a level 3 spell: Ignite Poison
  5192 | D:6      | Found Inionam's Magic Scroll Emporium.
  5196 | D:6      | Bought a scroll of teleportation for 39 gold pieces
  5230 | D:6      | Reached skill level 1 in Transmutations
  5263 | D:6      | Reached XP level 8. HP: 50/61 MP: 11/11
  5350 | D:6      | Reached skill level 5 in Fighting
  5350 | D:6      | Reached skill level 5 in Dodging
  5353 | D:6      | Found a staircase to the Ecumenical Temple.
  5365 | Temple   | Entered the Ecumenical Temple
  5547 | Temple   | Became a worshipper of Zin the Law-Giver
  5547 | Temple   | Reached * piety under Zin
  5547 | Temple   | Reached ** piety under Zin
  5547 | Temple   | Reached *** piety under Zin
  5553 | Temple   | Donated 121 gold pieces to Zin
  5681 | D:6      | Reached skill level 5 in Long Blades
  6322 | D:7      | Noticed a troll
  6431 | D:7      | Found a flagged portal.
  6440 | Bailey   | Entered a bailey
  7173 | Bailey   | Reached XP level 9. HP: 49/69 MP: 4/12
  7392 | Bailey   | Reached **** piety under Zin
  8230 | D:7      | Noticed a two-headed ogre
  8234 | D:7      | Killed a troll
  8235 | D:7      | Reached skill level 1 in Fire Magic
  8235 | D:7      | Reached skill level 5 in Poison Magic
  8252 | D:7      | Killed a two-headed ogre
  8253 | D:7      | Reached XP level 10. HP: 40/77 MP: 2/13
  8767 | D:7      | Found a runed translucent gate.
  8768 | D:7      | Found a runed translucent gate.
  8768 | D:7      | Found a runed translucent gate.
  8769 | D:7      | Noticed artmatt's ghost (novice HOMo)
  8955 | D:8      | Found Cesiost's Weapon Emporium.
  9027 | D:8      | Identified the +0 robe of Snakes and Ladders {*Slow rC+++
                  | Slay+5 SInv}
  9084 | D:8      | Found a sand-covered staircase.
  9098 | Ossuary  | Entered an ossuary
  9255 | Ossuary  | Reached ***** piety under Zin
  9318 | D:8      | Reached skill level 1 in Invocations
 10562 | D:9      | Found a viscous altar of Jiyva.
 10771 | D:9      | Found a transporter.
 10785 | D:9      | Noticed a great orb of eyes
 10835 | D:9      | Found a transporter.
 11100 | D:10     | Entered Level 10 of the Dungeon
 11246 | D:10     | Noticed a two-headed ogre
 11256 | D:10     | Killed a two-headed ogre
 11257 | D:10     | Reached XP level 11. HP: 60/86 MP: 2/14
 11370 | D:10     | Found a staircase to the Orcish Mines.
 11505 | D:10     | Reached ****** piety under Zin
 11905 | D:10     | Found a sacrificial altar of Ru.
 12256 | D:11     | Reached skill level 1 in Armour
 12265 | D:11     | Noticed a manticore
 12310 | D:11     | Noticed a two-headed ogre
 12340 | D:11     | Killed a manticore
 12393 | D:11     | Identified the +8 glaive of the Living Dead {freeze, rElec
                  | Dex+3}
 12398 | D:11     | Found a staircase to the Lair.
 12452 | D:11     | Killed a two-headed ogre
 12453 | D:11     | Reached skill level 5 in Invocations
 12987 | Lair:1   | Entered Level 1 of the Lair of Beasts
 13021 | Lair:1   | Reached XP level 12. HP: 94/94 MP: 3/16
 14508 | Lair:2   | Noticed a boulder beetle
 14523 | Lair:2   | Killed a boulder beetle
 14612 | Lair:2   | Found a staircase to the Swamp.
 15264 | Lair:3   | Reached skill level 5 in Armour
 15665 | Lair:3   | Found a staircase to the Snake Pit.
 15764 | Lair:3   | Reached XP level 13. HP: 103/103 MP: 18/18
 15867 | Lair:3   | Reached skill level 10 in Long Blades
 15965 | Lair:3   | Reached skill level 10 in Fighting
 16024 | Lair:3   | Identified the +5 ring mail "Gyitz" {rN++ Will- Regen+
                  | Str+3}
 16973 | Lair:4   | Found a viscous altar of Jiyva.
 17032 | Lair:4   | Found a staircase to the Slime Pits.
 17141 | Lair:4   | Noticed Urug
 17159 | Lair:4   | Killed Urug
 17333 | Lair:4   | Noticed Kirke
 17722 | D:2      | Bought the amulet of the Four Winds {rN+ Will+++ Clar} for
                  | 789 gold pieces
 17722 | D:2      | Found the amulet of the Four Winds {rN+ Will+++ Clar}
 17960 | D:7      | Killed artmatt's ghost
 18087 | D:5      | Killed lotum's ghost
 18533 | Lair:4   | Killed Kirke
 18956 | Lair:5   | Entered Level 5 of the Lair of Beasts
 19537 | Lair:5   | Noticed Rupert
 19939 | Lair:5   | Noticed a dire elephant
 20059 | Lair:5   | Killed Rupert
 20060 | Lair:5   | Reached XP level 14. HP: 113/113 MP: 3/20
 20171 | Lair:5   | Found a transporter.
 20171 | Lair:5   | Found the +1 cloak of Starlight {*Dazzle EV+4 Stlth--}
 20172 | Lair:5   | Noticed TheSexyCheese's ghost (journeyman OgFE)
 20269 | Lair:5   | Found a transporter.
 21058 | Lair:5   | Reached skill level 10 in Poison Magic
 21745 | Lair:5   | Killed a dire elephant
 21746 | Lair:5   | Reached skill level 10 in Invocations
 22655 | D:12     | Noticed Azrael
 23067 | D:12     | Learned a level 3 spell: Call Canine Familiar
 23294 | D:13     | Reached skill level 10 in Dodging
 23718 | D:12     | Reached skill level 1 in Summonings
 23727 | D:12     | Killed Azrael
 24612 | D:13     | Noticed Frances
 24636 | D:13     | Killed Frances
 24717 | D:13     | Learned a level 4 spell: Leda's Liquefaction
 24802 | D:13     | Reached XP level 15. HP: 116/120 MP: 7/22
 25341 | D:13     | Reached skill level 1 in Hexes
 25424 | D:13     | HP: 3/120 [skeletal warrior/+0 flail (21)]
 25427 | D:13     | Demolished by a skeletal warrior

Illustrated notes

Levels and vault maps discovered:
D:1:      saegor_arrival_simple_e, layout_basic, minmay_crystal_water
D:2:      cheibrodos_helix_gallery, layout_loops_ring,
          hellmonk_ecumenical_altar_slurped_away, serial_shops,
          nicolae_diamond_shop
D:3:      layout_basic, serial_shops, nicolae_shop_pleasant_corner_grove
D:4:      layout_cave_pods, minitemple, minmay_misc_feat_secret_circle,
          grunt_ministairs_9, minmay_misc_feat_more_columns
D:5:      layout_loops_ring, gammafunk_ghost_split, nicolae_shop_vocational
D:6:      layout_basic, temple_statues, serial_shops, nicolae_diamond_shop
D:7:      layout_loops_corners, enter_bailey_7, ebering_ghost_rock_garden,
          nicolae_concentric_dashed_squares_mild
D:8:      layout_loops_ring, serial_shops, shop, nicolae_ossuary_entry_catacombs
D:9:      gammafunk_jiyva_shrine, layout_gridville
D:10:     layout_loops_cross, hangedman_ru_absence, orc_david_3
D:11:     layout_cave_pools, grunt_lair_entry_orc_guard_hut
D:12:     layout_irregular_city, uniq_azrael
D:13:     layout_stronghold, minmay_misc_feat_iff, uniq_frances
D:14:     layout_loops_ring, erik_vaults_2, special_room [special_room_orc],
          minmay_misc_feat_five, feat_on_display
Temple:   minmay_crystal_spiral_temple
Lair:1:   layout_hall_layers
Lair:2:   layout_loops_ring, swamp_mist
Lair:3:   layout_long_grid, guppyfry_snake_entry_island, lemuel_fruit_tree
Lair:4:   layout_misc_corridors, nicolae_slime_entry_field_trip, uniq_urug,
          uniq_kirke
Lair:5:   due_jungle_book, layout_misc_corridors,
          gammafunk_ghost_berserking_beasts, uniq_rupert

Skill      XL: |  1  2  3  4  5  6  7  8  9 10 11 12 13 14 15 |
---------------+----------------------------------------------+-----
Poison Magic   | 1 2 3 4 5 7 8 9 10 | 10.0
Fighting       | 4 5 6 7 8 9 11 12 | 12.0
Spellcasting   | 1 2 3 4 |  4.0
Long Blades    | 4 5 6 7 8 9 11 12 | 12.0
Dodging        | 4 5 6 7 8 9 10 | 10.2
Transmutations | 1 3 4 |  4.0
Fire Magic     | 2 3 4 |  4.0
Invocations    | 3 5 7 9 10 | 10.6
Armour         | 2 5 6 |  6.4
Summonings     | 2 |  2.0
Hexes          | 1 |  1.3

Action                     |  1- 3 |  4- 6 |  7- 9 | 10-12 | 13-15 || total
---------------------------+-------+-------+-------+-------+-------++-------
  Melee: Falchion          |    62 |    21 |       |       |       ||    83
         Long sword        |       |   116 |    75 |   463 |   458 ||  1112
   Fire: Sling             |     7 |     6 |     3 |     2 |       ||    18
  Throw: Dart              |       |     4 |     7 |     2 |       ||    13
         Throwing net      |       |       |     2 |       |       ||     2
   Cast: Sting             |     3 |    21 |   130 |    92 |   102 ||   348
         Ignite Poison     |       |       |     4 |    46 |    72 ||   122
         Olgreb's Toxic Ra |       |       |     2 |    33 |    40 ||    75
         Call Canine Famil |       |       |       |       |     1 ||     1
 Invoke: Recite            |       |       |     7 |    22 |    19 ||    48
         Vitalisation      |       |       |     1 |     3 |     7 ||    11
         Donate Gold       |       |       |     1 |       |       ||     1
         Imprison          |       |       |       |       |     1 ||     1
  Evoke: Wand              |       |       |     6 |     7 |    12 ||    25
         Phantom mirror    |       |       |       |       |     2 ||     2
    Use: Scroll            |       |     7 |     5 |     6 |    11 ||    29
         Potion            |       |     1 |     4 |       |    11 ||    16
   Stab: Sleeping          |       |     1 |       |       |       ||     1
         Confused          |       |       |     1 |     4 |       ||     5
 Armour: Robe              |    15 |    57 |    72 |     2 |       ||   146
         Troll leather arm |       |       |       |   198 |   221 ||   419
         Skin              |       |       |       |     1 |       ||     1
  Dodge: Dodged            |    49 |   140 |   164 |   459 |   458 ||  1270

Table legend: (Time is in decaauts)
 A = Elapsed time spent in this place.
 B = Non-inter-level travel time spent in this place.
 C = Inter-level travel time spent in this place.
 D = Time resting spent in this place.
 E = Time spent auto-exploring this place.
 F = Levels seen in this place.
 G = Mean time per level.
                   A        B        C        D        E       F      G
               +--------+--------+--------+--------+--------+-----+--------+
         Total |  25461 |  23052 |   2409 |   5003 |  10257 |  22 | 1157.3 |
       Dungeon |  15448 |  13976 |   1472 |   1730 |   7397 |  14 | 1103.4 |
        Temple |    271 |    191 |     80 |      0 |    162 |   1 |  271.0 |
          Lair |   8340 |   7484 |    856 |   2911 |   2585 |   5 | 1668.0 |
       Ossuary |    185 |    185 |      0 |     14 |      0 |   1 |  185.0 |
        Bailey |   1214 |   1214 |      0 |    348 |    113 |   1 | 1214.0 |
               +--------+--------+--------+--------+--------+-----+--------+

Top non-repeatable levels by time:
  Lair:5: 3079 daAuts
     D:7: 1858 daAuts
    D:12: 1738 daAuts
  Lair:3: 1529 daAuts
     D:5: 1415 daAuts
    D:11: 1275 daAuts
  Lair:2: 1255 daAuts
    D:10: 1249 daAuts
  Lair:4: 1241 daAuts
  Lair:1: 1236 daAuts
  Bailey: 1214 daAuts
     D:1: 1123 daAuts
     D:2: 1099 daAuts
     D:6: 1021 daAuts
     D:9: 1018 daAuts
